 Dungeon Crawl Stone Soup version 0.23-a0-386-g9c9d49f (webtiles) character file.

87 Cryolive the Digger (level 4, 0/24 HPs)
             Began as a Gargoyle Earth Elementalist on Oct 28, 2018.
             Slain by an adder (4 damage)
             ... on level 3 of the Dungeon.
             The game lasted 00:05:25 (2492 turns).

Cryolive the Digger (Gargoyle Earth Elementalist)   Turns: 2492, Time: 00:05:26

Health: 0/24       AC:  5    Str: 12    XL:     4   Next: 51%
Magic:  0/8        EV: 12    Int: 16    God:
Gold:   121        SH:  0    Dex: 10    Spells: 5/9 levels left

rFire    . . .     SeeInvis .   f - +0 whip
rCold    . . .     Gourm    .   (no shield)
rNeg     + . .     Faith    .   c - +0 robe
rPois    ∞         Spirit   .   (no helmet)
rElec    +         Reflect  .   (no cloak)
rCorr    +         Harm     .   (no gloves)
MR       .....                  (no boots)
Stlth    ++........             (no amulet)
HPRegen  0.08/turn              a - ring of resist corrosion
MPRegen  0.11/turn              (no ring)

@: no status effects
A: negative energy resistance 1, electricity resistance, unbreathing,
petrification resistance, rot immunity, AC +3
a: no special abilities


You were on level 3 of the Dungeon.
You were hungry.

You visited 1 branch of the dungeon, and saw 3 of its levels.

You collected 121 gold pieces.

Inventory:

Hand Weapons
 f - a +0 whip (weapon)
Missiles
 b - 83 stones (quivered)
Armour
 c - a +0 robe (worn)
Jewellery
 a - a ring of resist corrosion (left hand)
 q - an uncursed ring of magical power
Scrolls
 e - 7 scrolls of teleportation {unknown}
 g - a scroll of amnesia {unknown}
 h - 4 scrolls of identify {unknown}
 l - 3 scrolls of remove curse {unknown}
 m - a scroll of enchant armour {unknown}
 p - 2 scrolls of enchant weapon {unknown}
Potions
 i - a potion of haste {unknown}
 j - a potion of ambrosia {unknown}
 n - a potion of degeneration {unknown}
 o - a potion of flight {unknown}
Comestibles
 d - 7 rations
 k - 2 chunks of flesh


   Skills:
 - Level 1.5 Dodging
 - Level 2.1 Stealth
 + Level 3.1 Spellcasting
 + Level 1.6 Conjurations
   Level 0.7 Transmutations
 + Level 4.8 Earth Magic


You had 5 spell levels left.
You knew the following spells:

 Your Spells              Type           Power        Failure   Level  Hunger
a - Sandblast             Erth           ###...       2%          1    None
b - Stone Arrow           Conj/Erth      ##....       14%         3    ###....

Your spell library contained the following spells:

 Spells                   Type           Power        Failure   Level  Hunger
 Passwall                 Tmut/Erth      ##......     9%          2    ##.....
 Petrify                  Tmut/Erth      ##......     52%         4    ####...
 Lee's Rapid Deconstruct  Erth           ###.......   56%         5    ######.


Dungeon Overview and Level Annotations

Branches:
Dungeon (3/15)

Altars:
Ashenzari

Annotations:
D:3 Ijyb


Innate Abilities, Weirdness & Mutations

You are resistant to torment.
Your stone body is resilient. (AC +3)
You are immune to poison.
You resist negative energy. (rN+)
You are resistant to electric shocks. (rElec)
You can survive without breathing.
You are immune to petrification.
You are immune to rotting.


Message History

b - 84 stones The adder barely misses you. x2; Ijyb hits you but does no damage.
Ijyb screams, "You nasty!
Big nasty!"
Ijyb misses you. The adder bites you but does no damage. The adder misses you.
Your magical contamination has completely faded away.
Ijyb screams, "I no like you!" The adder barely misses you.
The adder bites you but does no damage. The adder barely misses you.
Casting: Sandblast (safe; 2% risk of failure)
Confirm with . or Enter, or press ? or * to list all spells.
Aiming: Sandblast (safe; 2% risk of failure)
Press: ? - help, Shift-Dir - straight line, f/p - Ijyb
Aim: Ijyb, wielding a +0 dagger of speed, wearing a +0 scale mail and carrying The blast of sand hits the adder.
You kill the adder!
b - 83 stones The adder bites you but does no damage.
The adder bites you.
You die...

.............####..# #.
#............).# #.
###..##...####.# #..###..##..##
##......##.## #...#.....g# ###
#.####..##.# ....#.....#...S###
#.# ............#..@.# #.#
.......)....####.### #.#
............# #...####.#
............# #.....##.#
............######.#.##.#
................##.#.##.###
.................#.#.##.÷.#####
....#...................[.....#
#################.#...........#


You could see Ijyb and an adder.

Vanquished Creatures
  4 adders (D:3)
  2 oozes (D:1)
  A worm (D:2)
  2 dart slugs (D:1)
  A leopard gecko (D:2)
  An orc (D:3)
  2 giant cockroaches (D:1)
  3 goblins
  2 jackals (D:2)
  2 quokkas (D:3)
  A ball python (D:3)
  4 bats
  2 frilled lizards
  7 kobolds
  5 rats
39 creatures vanquished.

Notes
Turn   | Place    | Note
-------+----------+-------------------------------------------
     0 | D:1      | Cryolive the Gargoyle Earth Elementalist began the quest
                  | for the Orb.
     0 | D:1      | Reached XP level 1. HP: 10/10 MP: 3/3
   126 | D:1      | Reached skill level 4 in Earth Magic
   126 | D:1      | Reached XP level 2. HP: 5/15 MP: 1/5
  1197 | D:1      | Reached XP level 3. HP: 15/19 MP: 6/6
  1202 | D:1      | Learned a level 3 spell: Stone Arrow
  1504 | D:2      | Found a shattered altar of Ashenzari.
  2207 | D:3      | Reached skill level 1 in Conjurations
  2251 | D:3      | Reached XP level 4. HP: 19/24 MP: 8/8
  2455 | D:3      | Noticed Ijyb
  2492 | D:3      | Slain by an adder

Vault maps used:
D:1:      kilobyte_arrival_exit_the_forest
D:2:      nicolae_ashenzari_panopticon
D:3:      nicolae_overflow_hidden_temple,
          chequers_ecumenical_altar_simple_redux, hangedman_decor_peaks_small,
          uniq_sigmund, uniq_ijyb

Skill      XL: |  1  2  3  4 |
---------------+-------------+-----
Earth Magic    | 4 |  4.8
Conjurations   | 1 |  1.6
Spellcasting   | 3 |  3.1
Dodging        | |  1.5
Stealth        | |  2.1
Transmutations | |  0.7

Action                   |  1- 3 |  4- 6 || total
-------------------------+-------+-------++-------
Melee: Unarmed           |    38 |       ||    38
       Whip              |   159 |    28 ||   187
 Cast: Sandblast         |     7 |    10 ||    17
       Stone Arrow       |       |     1 ||     1
 Stab: Sleeping          |     4 |     1 ||     5
  Eat: Chunk             |     5 |       ||     5
Armor: Robe              |    60 |    26 ||    86
Dodge: Dodged            |   143 |    50 ||   193

Table legend:
 A = Non-vault XP
 B = Vault XP
 C = Vault XP percentage of total XP
 D = Non-vault monster count
 E = Vault monster count
 F = Vault count percentage of total count
                 A         B        C        D         E       F
            +---------+---------+-------+---------+---------+-------
      Total |     125 |       0 |   0.0 |      39 |       0 |   0.0
            +---------+---------+-------+---------+---------+-------
        D:1 |      35 |       0 |   0.0 |      14 |       0 |   0.0
        D:2 |      27 |       0 |   0.0 |      15 |       0 |   0.0
        D:3 |      63 |       0 |   0.0 |      10 |       0 |   0.0
            +---------+---------+-------+---------+---------+-------
